 Dungeon Crawl Stone Soup version 0.30-a0-618-gd6c86c23d0 (webtiles) character file.

Game seed: 11838103910780517145

89 wormed the Sneak (level 4, -1/28 HPs)
             Began as a Kobold Brigand on Jan 9, 2023.
             Slain by an orc wizard
             ... wielding a +0 dagger
              (4 damage)
             ... on level 3 of the Dungeon.
             The game lasted 00:02:05 (2249 turns).

wormed the Sneak (Kobold Brigand)                   Turns: 2249, Time: 00:02:05

Health: -1/28      AC:  3    Str:  8    XL:     4   Next: 84%
Magic:  4/4        EV: 15    Int: 12    God:
Gold:   99         SH:  0    Dex: 18    Spells: 3/3 levels left

rFire   . . .      SeeInvis .    l - +0 rapier
rCold   . . .      Faith    .    (no shield)
rNeg    . . .      Spirit   .    b - +0 robe
rPois   .          Reflect  .    (no helmet)
rElec   .          Harm     .    c - +0 cloak
rCorr   .          Rampage  .    (no gloves)
Will    .....                    (no boots)
Stlth   ++++                     (no amulet)
HPRegen 0.24/turn                (no ring)
MPRegen 0.09/turn                (no ring)

@: no status effects
A: small, no large weapons, nightstalker 3
a: no special abilities


You were on level 3 of the Dungeon.
You visited 1 branch of the dungeon, and saw 3 of its levels.

You collected 125 gold pieces.
You spent 26 gold pieces at shops.

Inventory:

Hand Weapons
 a - a +2 dagger
 l - a +0 rapier (weapon)
Missiles
 d - 15 poisoned darts
 e - 3 curare-tipped darts (quivered)
Armour
 b - a +0 robe (worn)
 c - a +0 cloak (worn)
Scrolls
 f - a scroll of fog {unknown}
 g - 3 scrolls of identify {unknown}
 i - a scroll of amnesia {unknown}
 n - a scroll of enchant armour {unknown}
 q - a scroll of teleportation {unknown}
Potions
 h - a potion of curing {unknown}
 j - a potion of brilliance {unknown}
 k - a potion of degeneration {unknown}
 m - a potion of attraction {unknown}
 o - a potion of lignification {unknown}
 p - 2 potions of mutation {unknown}


   Skills:
 + Level 3.0 Fighting
 * Level 4.4 Short Blades
 - Level 2.1 Throwing
 + Level 2.4 Dodging
 + Level 5.9 Stealth


You had 3 spell levels left.
You didn't know any spells.
Your spell library contained the following spells:

 Spells                   Type           Power      Damage    Failure   Level
 Ozocubu's Armour         Ice            0%         N/A       69%         3
 Ozocubu's Refrigeration  Ice            0%         4d7       100%        7


Dungeon Overview and Level Annotations

Branches:
Dungeon (3/15)

Altars:

Shops:
D:3 *


Innate Abilities, Weirdness & Mutations

You are small and have problems with some larger weapons.
You are completely attuned to the shadows.


Message History

The orc barely misses you.
You barely miss the orc.
The orc is severely wounded.
The orc hits you with a +0 short sword.
You hit the orc.
You kill the orc!
Things that are here:
a +0 short sword; a +0 leather armour You hit something.
You hear some strange, mumbled words.
You are confused.
You hit something.
You hear some strange, mumbled words.
Something tries to affect you, but you resist.
You bump into the rock wall.
Something hits you but does no damage.
You hit something. Something hits you.
You bump into the rock wall.
You hear some strange, mumbled words.
A magic dart appears from out of thin air!
The magic dart hits you!
You closely miss something. Something barely misses you.
The orc wizard gestures at you while chanting.
The magic dart hits something.
Reactivating autopickup.
You feel a bit more experienced.
Your Fighting skill increases to level 3!
You're too confused to move!
Something hits you.
Deactivating autopickup; reactivate with Ctrl-A.
You bump into the rock wall.
You feel less confused. Something hits you.
You barely miss something. Something hits you.
You closely miss something. Something hits you.
* * * LOW HITPOINT WARNING * * *
You hit something. Something hits you.
* * * LOW HITPOINT WARNING * * *
You hit something. Something hits you.
* * * LOW HITPOINT WARNING * * *
You closely miss something. Something hits you.
You die...

.........##.#.#.#.# #.#
.........##.#.#.#.# #.#
...†.....##.#.#.#.###.###
.........##.#.#.#.......#
#........##.#.#.#########
..#####.....#...# ###
####.##### +.########
####.#...@{o#### .
.......####o.... #
.##.#..#$.#...>. .
....#.#........
.###.#.#o##.###. #. ..
... ##.## ...


You could see an orc wizard and an orc.

Vanquished Creatures
  2 adders (D:2)
  A dart slug (D:3)
  An orc (D:3)
  2 bats
  4 endoplasms
  2 giant cockroaches
  3 goblins
  3 hobgoblins
  13 jackals
  6 kobolds
  2 ball pythons
  2 frilled lizards
  4 rats
45 creatures vanquished.

Vanquished Creatures (others)
  An orc wizard (D:3)
1 creature vanquished.

Grand Total: 46 creatures vanquished

Notes
Turn   | Place    | Note
-------+----------+-------------------------------------------
     0 | D:1      | wormed the Kobold Brigand began the quest for the Orb.
     0 | D:1      | Reached XP level 1. HP: 12/12 MP: 1/1
   148 | D:1      | Reached XP level 2. HP: 3/18 MP: 2/2
  1030 | D:2      | Reached XP level 3. HP: 22/22 MP: 3/3
  1466 | D:2      | Reached XP level 4. HP: 23/27 MP: 4/4
  2131 | D:3      | Found Paut's Assorted Antiques.
  2139 | D:3      | Bought a scroll labelled QIAREM QOSOAT for 26 gold pieces
  2249 | D:3      | Slain by an orc wizard

Illustrated notes

Levels and vault maps discovered:
D:1:      dpeg_arrival_circle_labyrinth_c, layout_basic
D:2:      layout_basic, solitary_fountain
D:3:      layout_basic, mainiacjoe_overflow_surrounded_room, serial_shops, shop

Skill      XL: |  1  2  3  4 |
---------------+-------------+-----
Short Blades   | 3 4 |  4.4
Dodging        | 2 |  2.4
Fighting       | 3 |  3.0
Throwing       | |  2.1
Stealth        | |  5.9

Action                   |  1- 3 |  4- 6 || total
-------------------------+-------+-------++-------
Melee: Dagger            |    87 |       ||    87
       Rapier            |     3 |    38 ||    41
       Punch             |     2 |       ||     2
Throw: Dart              |     8 |       ||     8
 Stab: Sleeping          |    10 |     4 ||    14
Armor: Robe              |    15 |     3 ||    18
Dodge: Dodged            |    74 |    23 ||    97

Table legend: (Time is in decaauts)
 A = Elapsed time spent in this place.
 B = Non-inter-level travel time spent in this place.
 C = Inter-level travel time spent in this place.
 D = Time resting spent in this place.
 E = Time spent auto-exploring this place.
 F = Levels seen in this place.
 G = Mean time per level.
                   A        B        C        D        E       F      G
               +--------+--------+--------+--------+--------+-----+--------+
         Total |   2232 |   2171 |     61 |      0 |   1908 |   3 |  744.0 |
       Dungeon |   2232 |   2171 |     61 |      0 |   1908 |   3 |  744.0 |
               +--------+--------+--------+--------+--------+-----+--------+

Top non-repeatable levels by time:
     D:2: 1047 daAuts
     D:1: 965 daAuts
     D:3: 219 daAuts
